 Dungeon Crawl Stone Soup version 0.30-a0-571-gdf30a72648 (webtiles) character file.

Game seed: 3172353551188640022

1295 bobo the Digger (level 8, -1/46 HPs)
             Began as a Gargoyle Earth Elementalist on Dec 30, 2022.
             Slain by a two-headed ogre
             ... wielding a +0 giant club
              (12 damage)
             ... on level 5 of the Dungeon.
             The game lasted 00:13:18 (3928 turns).

bobo the Digger (Gargoyle Earth Elementalist)       Turns: 3928, Time: 00:13:18

Health: -1/46      AC: 21    Str: 15    XL:     8   Next: 56%
Magic:  15/15      EV:  9    Int: 17    God:
Gold:   298        SH:  0    Dex: 10    Spells: 7/17 levels left

rFire   . . .      SeeInvis .    l - +5 broad axe "Simocim" {venom, rPois}
rCold   + . .      Faith    .    (no shield)
rNeg    + . .      Spirit   .    o - +7 scale mail "Forget-Me-Not" {rC+ rCorr Str+2}
rPois   ∞          Reflect  .    (no helmet)
rElec   +          Harm     .    v - +0 cloak
rCorr   +          Rampage  .    (no gloves)
Will    .....                    w - +0 pair of boots Stlth
                                 i - amulet of magic regeneration
HPRegen 0.27/turn                (no ring)
MPRegen 0.54/turn                (no ring)

@: no status effects
A: sickness immunity, AC +5, negative energy resistance 1, electricity
resistance, torment resistance 1, petrification resistance
a: no special abilities


You were on level 5 of the Dungeon.
You visited 1 branch of the dungeon, and saw 5 of its levels.

You collected 298 gold pieces.

Inventory:

Hand Weapons
 l - the +5 broad axe "Simocim" (weapon) {venom, rPois}
   (You found it on level 3 of the Dungeon)

   It poisons the flesh of those it strikes.
   rPois:     It protects you from poison.
Armour
 o - the +7 scale mail "Forget-Me-Not" (worn) {rC+ rCorr Str+2}
   (You found it on level 3 of the Dungeon)

   Str:       It affects your strength (+2).
   rC:        It protects you from cold.
   rCorr:     It protects you from acid and corrosion.
 v - a +0 cloak (worn)
 w - a +0 pair of boots (worn)
 C - +0 fire dragon scales
Jewellery
 i - an amulet of magic regeneration (around neck)
 y - an amulet of guardian spirit
Wands
 q - a wand of mindburst (14)
 u - a wand of iceblast (5)
 z - a wand of polymorph (7)
Scrolls
 e - 2 scrolls of enchant armour {unknown}
 f - 6 scrolls of identify {unknown}
 g - a scroll of torment {unknown}
 j - a scroll of teleportation {unknown}
 m - 2 scrolls of fear {unknown}
 n - a scroll of acquirement {unknown}
 p - a scroll of blinking {unknown}
 A - a scroll of brand weapon {unknown}
 B - a scroll of amnesia {unknown}
Potions
 a - a potion of haste {unknown}
 b - 2 potions of magic
 c - a potion of brilliance {unknown}
 d - 3 potions of heal wounds {unknown}
 h - 2 potions of might {unknown}
 k - 3 potions of curing {unknown}
 r - a potion of berserk rage {unknown}
 s - a potion of cancellation {unknown}
 t - a potion of lignification {unknown}
 x - a potion of attraction {unknown}


   Skills:
 + Level 3.1 Fighting
 + Level 2.5 Axes
 + Level 3.2 Armour
 - Level 1.5 Dodging
 - Level 2.1 Stealth
 - Level 5.0 Spellcasting
 + Level 4.7 Conjurations
 - Level 0.7 Transmutations
 + Level 6.9 Earth Magic


You had 7 spell levels left.
You knew the following spells:

 Your Spells              Type           Power      Damage    Failure   Level
a - Sandblast             Erth           54%        2d13      3%          1
b - Passwall              Tmut/Erth      14%        N/A       17%         2
c - Stone Arrow           Conj/Erth      48%        3d10      14%         3
d - Petrify               Tmut/Erth      17%        N/A       73%         4

Your spell library contained the following spells:

 Spells                   Type           Power      Damage    Failure   Level
 Vhi's Electric Charge    Tloc/Air       8%         N/A       85%         3
 Arcjolt                  Conj/Air       6%         1d16      99%         5
 Maxwell's Capacitive Co  Air            2%         ∞         100%        8


Dungeon Overview and Level Annotations

Branches:
Dungeon (5/15)
 Temple: D:4-7

Altars:

Shops:
D:3 (


Innate Abilities, Weirdness & Mutations

You are immune to sickness and miasma.
Your stone body is resilient. (AC +5)
You are immune to poison.
You resist negative energy. (rN+)
You are resistant to electric shocks. (rElec)
You are resistant to unholy torment.
You are immune to petrification.


Message History

C - +0 fire dragon scales You open the door.
There is an open door here.
A two-headed ogre comes into view.
It is wielding a +0 giant club and a +0 giant spiked club.
The two-headed ogre shouts in stereo!
The blast of sand misses the two-headed ogre.
The blast of sand hits the two-headed ogre!
The two-headed ogre is moderately wounded.
You hit the two-headed ogre.
The two-headed ogre is moderately wounded.
The two-headed ogre hits you with a +0 giant club!
The two-headed ogre barely misses you.
You slash the two-headed ogre!
The two-headed ogre is heavily wounded.
The two-headed ogre closely misses you. The two-headed ogre barely misses you.
You slash the two-headed ogre!
The two-headed ogre is poisoned.
The two-headed ogre is severely wounded.
The two-headed ogre hits you with a +0 giant club!
The two-headed ogre hits you with a +0 giant spiked club!
* * * LOW HITPOINT WARNING * * *
You are too injured to fight recklessly!
You are too injured to fight recklessly!
You are too injured to fight recklessly!
The two-headed ogre attacks as you move away!
The two-headed ogre hits you with a +0 giant club.
* * * LOW HITPOINT WARNING * * *
The two-headed ogre hits you but does no damage.
The two-headed ogre attacks as you move away!
The two-headed ogre barely misses you.
The two-headed ogre hits you but does no damage.
There is an open door here.
Casting: Sandblast (safe; 3% risk of failure)
Confirm with . or Enter, or press ? or * to list all spells.
Aiming: Sandblast (safe; 3% risk of failure)
Press: ? - help, Shift-Dir - straight line, f/p - two-headed ogre
Aim: a two-headed ogre, wielding a +0 giant club and a +0 giant spiked club (severely wounded, very poisoned, 92% to hit)
The blast of sand hits the two-headed ogre!
The two-headed ogre is severely wounded.
The two-headed ogre hits you with a +0 giant club!
You die...

.... #.....###.# # .....
+.........###### .....
#......###.....# .....
+......###.###.#
...######............#.#
#....##......###.#.#..
#....#.#...#.# #...###
##
##.#....#.#.###.#######
# ..
........O@.........># ##
##.##....######..####
.........# #...##
....###...# ##.### ...
#...###..# . #...##..##
######.## ##.### ##....#


You could see a two-headed ogre (very poisoned).

Vanquished Creatures
  A water moccasin (D:5)
  2 ice beasts (D:5)
  A black bear (D:4)
  An ogre (D:5)
  A necrophage (D:5)
  3 scorpions
  A howler monkey (D:5)
  2 quasits (D:4)
  5 hounds
  2 jellies
  3 iguanas (D:4)
  7 gnolls
  3 shadow imps
  2 white imps
  4 ufetubi (D:4)
  A worm (D:2)
  4 dart slugs
  7 orcs
  2 bats
  8 endoplasms
  5 giant cockroaches
  3 hobgoblins
  5 jackals
  7 kobolds
  2 quokkas
  4 ball pythons
  4 frilled lizards
  8 goblins
  6 rats
104 creatures vanquished.

Vanquished Creatures (others)
  A demonic plant (D:4)
1 creature vanquished.

Grand Total: 105 creatures vanquished

Notes
Turn   | Place    | Note
-------+----------+-------------------------------------------
     0 | D:1      | bobo the Gargoyle Earth Elementalist began the quest for
                  | the Orb.
     0 | D:1      | Reached XP level 1. HP: 10/10 MP: 3/3
   158 | D:1      | Reached XP level 2. HP: 15/15 MP: 3/5
   164 | D:1      | Learned a level 2 spell: Passwall
   280 | D:1      | Reached skill level 4 in Earth Magic
   439 | D:1      | Found a faded altar of an unknown god.
   524 | D:1      | Reached XP level 3. HP: 19/19 MP: 4/7
   528 | D:1      | Learned a level 3 spell: Stone Arrow
  1401 | D:2      | Reached skill level 1 in Conjurations
  1401 | D:2      | Reached XP level 4. HP: 19/24 MP: 1/8
  1851 | D:3      | Identified the +5 broad axe "Simocim" {venom, rPois}
  1909 | D:3      | Found Wiorynu's Weapon Shop.
  2051 | D:3      | Identified the +7 scale mail "Forget-Me-Not" {rC+ rCorr
                  | Str+2}
  2325 | D:4      | Reached XP level 5. HP: 28/28 MP: 6/10
  2517 | D:4      | Noticed a black bear
  2548 | D:4      | Killed a black bear
  2549 | D:4      | Reached skill level 5 in Earth Magic
  2549 | D:4      | Reached XP level 6. HP: 32/32 MP: 5/12
  2814 | D:4      | Reached skill level 5 in Spellcasting
  2814 | D:4      | Reached XP level 7. HP: 33/36 MP: 14/14
  3081 | D:4      | Reached skill level 1 in Fighting
  3081 | D:4      | Reached skill level 1 in Armour
  3196 | D:4      | Reached skill level 6 in Earth Magic
  3377 | D:5      | Entered Level 5 of the Dungeon
  3382 | D:5      | Reached skill level 1 in Axes
  3467 | D:5      | Reached XP level 8. HP: 28/44 MP: 15/15
  3485 | D:5      | Learned a level 4 spell: Petrify
  3916 | D:5      | Noticed a two-headed ogre
  3928 | D:5      | Slain by a two-headed ogre

Illustrated notes

Levels and vault maps discovered:
D:1:      dpeg_arrival_shrine, layout_basic, basic_ecumenical_altar
D:2:      layout_loops_ring
D:3:      layout_rooms, serial_shops, shop
D:4:      minmay_general_purpose_star, layout_loops_ring, serial_demonic,
          serial_demonic_b, serial_demonic_a, serial_demonic_d,
          serial_demonic_a, minivault_25
D:5:      layout_basic, st_stairs_4, kennysheep_generic_room_2

Skill      XL: |  1  2  3  4  5  6  7  8 |
---------------+-------------------------+-----
Earth Magic    | 4 5 6 |  6.9
Spellcasting   | 3 4 5 |  5.0
Conjurations   | 1 2 3 4 |  4.7
Fighting       | 2 3 |  3.1
Armour         | 2 3 |  3.2
Axes           | 1 2 |  2.5
Dodging        | |  1.5
Stealth        | |  2.1
Transmutations | |  0.7

Action                   |  1- 3 |  4- 6 |  7- 9 || total
-------------------------+-------+-------+-------++-------
Melee: Club              |    10 |       |       ||    10
       Broad axe         |       |    25 |    75 ||   100
       Punch             |       |     3 |     1 ||     4
 Cast: Sandblast         |    51 |    53 |    28 ||   132
Armor: Robe              |    10 |     4 |       ||    14
       Scale mail        |       |    66 |    79 ||   145
Dodge: Dodged            |    16 |    57 |    71 ||   144

Table legend: (Time is in decaauts)
 A = Elapsed time spent in this place.
 B = Non-inter-level travel time spent in this place.
 C = Inter-level travel time spent in this place.
 D = Time resting spent in this place.
 E = Time spent auto-exploring this place.
 F = Levels seen in this place.
 G = Mean time per level.
                   A        B        C        D        E       F      G
               +--------+--------+--------+--------+--------+-----+--------+
         Total |   4049 |   3956 |     93 |      0 |   3184 |   5 |  809.8 |
       Dungeon |   4049 |   3956 |     93 |      0 |   3184 |   5 |  809.8 |
               +--------+--------+--------+--------+--------+-----+--------+

Top non-repeatable levels by time:
     D:4: 1180 daAuts
     D:2: 1013 daAuts
     D:1: 772 daAuts
     D:5: 581 daAuts
     D:3: 500 daAuts
